 Dungeon Crawl Stone Soup version 0.31.0-11-ge490571c62 (webtiles) character file.

Game seed: 16757405578561884406

2728 Arcadio the Zephyrmancer (level 9, -1/45 HPs)
             Began as a Tengu Air Elementalist on Jan 28, 2024.
             Was a Believer of Elyvilon.
             Shot with an arrow by a centaur (8 damage)
             ... on level 7 of the Dungeon.
             The game lasted 00:15:17 (7527 turns).

Arcadio the Zephyrmancer (Tengu Air Elementalist)   Turns: 7527, Time: 00:15:18

Health: -1/45      AC:  6    Str:  9    XL:     9   Next: 67%
Magic:  6/29       EV: 35    Int: 20    God:    Elyvilon [**....]
Gold:   375        SH:  0    Dex: 14    Spells: 9/22 levels left

rFire   . . .        v - +2 dagger (flame)
rCold   . . .        (no shield)
rNeg    . . .        y - +0 steam dragon scales
rPois   .            (helmet restricted)
rElec   .            z - +0 cloak
rCorr   .            (no gloves)
SInv    .            (boots unavailable)
Will    .....        (no amulet)
Stlth   ++           q - ring of magical power
HPRegen 0.27/turn    r - ring of wizardry
MPRegen 0.21/turn

%: acrobat, wizardry (x1)
@: sluggish, acrobatic, flying, very slow
A: beak, talons 3, evasive flight, acrobatic
a: Renounce Religion, Purification, Heal Other


You were on level 7 of the Dungeon.
You worshipped Elyvilon.
Elyvilon was pleased with you.
You visited 2 branches of the dungeon, and saw 8 of its levels.

You collected 375 gold pieces.

Inventory:

Hand Weapons
 f - a +1 short sword of draining
 v - a +2 dagger of flaming (weapon)
Armour
 a - a +0 robe
 t - a +0 buckler
 y - +0 steam dragon scales (worn)
 z - a +0 cloak (worn)
 C - a +0 robe of cold resistance
Magical Staves
 c - a staff of alchemy
Jewellery
 q - a ring of magical power (left hand)
 r - a ring of wizardry (right hand)
 s - a ring of ice
Wands
 x - a wand of quicksilver (7)
 D - a wand of polymorph (4)
Scrolls
 d - 2 scrolls of teleportation {unknown}
 e - 2 scrolls of identify {unknown}
 h - a scroll of immolation {unknown}
 l - 2 scrolls of enchant armour {unknown}
 m - 2 scrolls of blinking {unknown}
 n - a scroll of poison {unknown}
 o - a scroll of summoning {unknown}
 p - 2 scrolls of fog
 u - a scroll of silence {unknown}
 A - a scroll of amnesia {unknown}
 B - a scroll of fear {unknown}
 E - a scroll of noise {unknown}
Potions
 b - a potion of magic
 g - 2 potions of might {unknown}
 i - a potion of ambrosia {unknown}
 j - a potion of attraction {unknown}
 k - a potion of brilliance {unknown}
 w - a potion of curing {unknown}


   Skills:
 + Level 8.6 Dodging
 - Level 2.0 Stealth
 + Level 7.1 Spellcasting
 - Level 1.3 Conjurations
 + Level 10.5 Air Magic


You had 9 spell levels left.
You knew the following spells:

 Your Spells              Type           Power      Damage    Failure   Level
a - Shock                 Conj/Air       100%       1d9       1%          1
b - Static Discharge      Conj/Air       60%        3-6/arc   1%          2
c - Summon Ice Beast      Ice/Summ       7%         N/A       12%         3
d - Airstrike             Air            24%        2d(4-20)  1%          4
e - Swiftness             Air            49%        N/A       1%          3

Your spell library contained the following spells:

 Spells                   Type           Power      Damage    Failure   Level
 Inner Flame              Hex/Fire       7%         N/A       12%         3
 Irradiate                Conj/Alch      4%         3d13      58%         5
 Summon Mana Viper        Hex/Summ       7%         N/A       67%         5
 Monstrous Menagerie      Summ           3%         N/A       100%        7
 Ignition                 Fire           3%         3d4       100%        8


Dungeon Overview and Level Annotations

Branches:
Dungeon (7/15)             Temple (1/1) D:6

Altars:
Dithmenos
Elyvilon
Gozag
Kikubaaqudgha
Makhleb
Nemelex Xobeh
Okawaru
Qazlal
Ru
Trog
Uskayaw
Vehumet
Wu Jian
Xom
Yredelemnul
Zin
The Shining One

Shops:
D:6 !

Annotations:
D:3 Grinder
D:7 Pikel


Innate Abilities, Weirdness & Mutations

You have a beak for a mouth.
You have claws for feet.
Your magical flight helps you evade attacks. (EV +4)
You can magically evade attacks while moving or waiting.


Message History

* * * LOW HITPOINT WARNING * * *
Okay, then.
Pikel attacks as he pursues you! Pikel misses you.
Casting: Static Discharge (safe; 1% risk of failure)
Confirm with . or Enter, or press ? or * to list all spells.
You feel quick. Pikel completely misses you.
The bullfrog completely misses you. Pikel attacks as he pursues you!
Pikel completely misses you. The bullfrog attacks as it pursues you!
The bullfrog completely misses you.
Okay, then.
The bullfrog attacks as it pursues you! The bullfrog completely misses you.
The bullfrog attacks as it pursues you! The bullfrog completely misses you.
The bullfrog completely misses you. The bullfrog attacks as it pursues you!
The bullfrog misses you. The bullfrog attacks as it pursues you!
The bullfrog misses you. The bullfrog completely misses you.
You start to feel a little slower.
The bullfrog attacks as it pursues you! The bullfrog completely misses you.
The bullfrog attacks as it pursues you! The bullfrog closely misses you.
The bullfrog attacks as it pursues you! The bullfrog misses you.
The bullfrog attacks as it pursues you! The bullfrog completely misses you.
The bullfrog completely misses you. The bullfrog attacks as it pursues you!
The bullfrog barely misses you.
You feel sluggish. The bullfrog attacks as it pursues you!
The bullfrog completely misses you. x2
The bullfrog attacks as it pursues you! The bullfrog hits you.
The bullfrog completely misses you. The bullfrog attacks as it pursues you!
The bullfrog completely misses you. The bullfrog misses you.
The bullfrog hits you.
A bullfrog comes into view.
The bullfrog completely misses you.
The bullfrog gives a loud, deep croak!
The bullfrog hits you.
* * * LOW HITPOINT WARNING * * *
The bullfrog hits you but does no damage.
The centaur shouts!
The centaur wields a +0 orcbow.
The centaur shoots an arrow.
The arrow hits you!
You die...

#5## #.# #.# #.#
#{# #.# # #5#
#.#.## #5F
#######.#..####
#55.
..............#
#F##5
.##.###.####..#
#.# c#
##.###.####..#
#.#
.........F.@...#
#.#
.#!##.###.##..#
........F...#
.#.##.#.##..# #
..c....# .#
.?..# #.. #
#..?. #.# ...
..# #. #.#


You could see a bullfrog and a centaur.

Vanquished Creatures
  Menkaure (D:7)
  A steam dragon (D:6)
  Duvessa (D:7)
  A water moccasin (D:7)
  2 ice beasts (D:6)
  A black bear (D:5)
  2 ogres (D:4)
  A centaur (D:7)
  A kobold brigand (D:4)
  A bullfrog (D:6)
  9 scorpions
  4 wights (D:7)
  Dowan (D:7)
  3 bombardier beetles
  2 jellies (D:6)
  2 hounds
  7 orc priests
  2 iguanas
  6 orc wizards
  Robin (D:3)
  A gnoll (D:1)
  9 adders
  2 ufetubi (D:6)
  3 dart slugs
  17 orcs
  3 ball pythons
  4 endoplasms
  4 giant cockroaches
  11 goblins
  10 hobgoblins
  2 jackals (D:1)
  6 kobolds
  2 quokkas (D:3)
  4 bats (D:1)
  2 frilled lizards
  3 rats
132 creatures vanquished.

Notes
Turn   | Place    | Note
-------+----------+-------------------------------------------
     0 | D:1      | Arcadio the Tengu Air Elementalist began the quest for the
                  | Orb.
     0 | D:1      | Reached XP level 1. HP: 10/10 MP: 4/4
   174 | D:1      | Reached XP level 2. HP: 15/15 MP: 4/6
   393 | D:1      | Reached XP level 3. HP: 19/19 MP: 0/7
   489 | D:1      | Learned a level 2 spell: Static Discharge
   493 | D:1      | Learned a level 3 spell: Summon Ice Beast
  1489 | D:2      | Found a faded altar of an unknown god.
  1545 | D:3      | Reached XP level 4. HP: 2/24 MP: 5/9
  1780 | D:3      | Noticed Robin
  1786 | D:3      | Reached skill level 5 in Air Magic
  1788 | D:3      | Killed Robin
  1863 | D:3      | Reached XP level 5. HP: 23/28 MP: 1/10
  2025 | D:3      | Learned a level 4 spell: Airstrike
  2307 | D:3      | Noticed Grinder
  2307 | D:3      | Paralysed by Grinder for 4 turns
  2311 | D:3      | Noticed a nameless horror
  2554 | D:4      | Reached skill level 6 in Air Magic
  2554 | D:4      | Reached XP level 6. HP: 22/32 MP: 9/12
  2636 | D:4      | Found a white marble altar of Elyvilon.
  2646 | D:4      | Became a worshipper of Elyvilon the Healer
  2962 | D:4      | Reached skill level 5 in Dodging
  2962 | D:4      | Gained mutation: Your magical flight helps you evade
                  | attacks. (EV +4) [Tengu growth]
  2962 | D:4      | Reached XP level 7. HP: 36/36 MP: 14/14
  3237 | D:4      | Reached skill level 7 in Air Magic
  3283 | D:4      | Learned a level 3 spell: Swiftness
  3288 | D:4      | Reached * piety under Elyvilon
  3767 | D:5      | Entered Level 5 of the Dungeon
  3950 | D:5      | Reached XP level 8. HP: 24/41 MP: 16/16
  4003 | D:5      | Reached skill level 5 in Spellcasting
  4007 | D:6      | Found a staircase to the Ecumenical Temple.
  4014 | Temple   | Entered the Ecumenical Temple
  4542 | D:6      | Found a transporter.
  4544 | D:6      | Found Nivij's Distillery.
  4546 | D:6      | Found a transporter.
  4580 | D:6      | Found a shadowy altar of Dithmenos.
  4590 | D:6      | Reached skill level 8 in Air Magic
  4975 | D:6      | Reached ** piety under Elyvilon
  5448 | D:6      | Found an ancient bone altar of Kikubaaqudgha.
  5621 | D:6      | Reached skill level 9 in Air Magic
  5673 | D:6      | Found a burning altar of Makhleb.
  5806 | D:5      | Reached XP level 9. HP: 39/45 MP: 19/19
  6377 | D:5      | Found a bloodstained altar of Trog.
  6543 | D:5      | Found an iron altar of Okawaru.
  6543 | D:5      | Found a sacrificial altar of Ru.
  6929 | D:7      | Noticed Menkaure
  6944 | D:7      | Killed Menkaure
  6945 | D:7      | Reached skill level 10 in Air Magic
  7444 | D:7      | Noticed Dowan
  7444 | D:7      | Noticed Duvessa
  7447 | D:7      | Noticed Pikel
  7451 | D:7      | Killed Dowan
  7460 | D:7      | Killed Duvessa
  7527 | D:7      | Shot with an arrow by a centaur

Illustrated notes

Levels and vault maps discovered:
D:1:      lightli_arrival_flooded_house, layout_basic, hangedman_decor_points,
          serial_bayou_pond_e, minmay_unequal
D:2:      layout_basic, dreamdust_ecumenical_altar_angels_and_demons
D:3:      layout_basic, uniq_robin, uniq_grinder
D:4:      layout_loops_cross, mainiacjoe_overflow_chevrons
D:5:      layout_loops_ring, lemuel_coloured_pillars_altar,
          gammafunk_temple_overflow_pools
D:6:      layout_basic, nicolae_dithmenos_shadow_blocks,
          mainiacjoe_overflow_six_doors_small, general_overflow_altar,
          minmay_temple_entry_crystal_x, serial_shops, nicolae_shop_drivethru
D:7:      layout_loops_ring, lemuel_round_altar, minmay_diced_spiral,
          uniq_duvessa, uniq_pikel, uniq_menkaure
Temple:   jpeg_temple_alley_garden

Skill      XL: |  1  2  3  4  5  6  7  8  9 |
---------------+----------------------------+-----
Dodging        | 3 4 5 7 8 |  8.6
Air Magic      | 5 6 7 9 10 | 10.5
Spellcasting   | 3 4 6 7 |  7.1
Stealth        | |  2.0
Conjurations   | |  1.3

Action                     |  1- 3 |  4- 6 |  7- 9 || total
---------------------------+-------+-------+-------++-------
  Melee: Unarmed           |     3 |       |       ||     3
         Kick              |     7 |     2 |    12 ||    21
         Short sword       |    23 |    13 |       ||    36
         Peck              |     2 |       |    11 ||    13
         Dagger            |       |       |    55 ||    55
         Punch             |       |       |     2 ||     2
   Cast: Shock             |    36 |    80 |   110 ||   226
         Static Discharge  |     1 |     8 |    38 ||    47
         Airstrike         |       |       |    29 ||    29
         Swiftness         |       |       |     2 ||     2
 Invoke: Purification      |       |       |     1 ||     1
    Use: Scroll            |       |       |     1 ||     1
   Stab: Sleeping          |     3 |     1 |       ||     4
 Armour: Robe              |    12 |    30 |    43 ||    85
         Steam dragon scal |       |       |    55 ||    55
         Skin              |       |       |     2 ||     2
  Dodge: Dodged            |    14 |    26 |   181 ||   221
